Map: Omicron

Players

Grumm

  • Race: Protoss Protoss
  • League: Gold
  • Spawn Location: 3:00

BLINKanDEATH

  • Race: Protoss Protoss
  • League: Gold
  • Spawn Location: 1:00

Nederlof

  • Race: Terran Terran
  • League: Silver
  • Spawn Location: 9:00

Mooney

  • Race: Protoss Protoss
  • Spawn Location: 7:00

VOD

Have the link to the VOD?

Description

Time

  • Played on: Jan. 27, 2016, 6:37 p.m.
  • Length: 15:16
Show
View Real Time Build Order
Export as new Build Order

Grumm Protoss 

Build Orders: 1 Gate Expand, Oracle Opening 

Get SALT Encoding   

  12  0:02  Probe (Chrono Boost)  
  13  0:12  Probe (Chrono Boost)  
  14  0:23  Pylon, Probe (Chrono Boost)  
  15  0:29  Assimilator  
  15  0:42  Probe (Chrono Boost)  
  16  0:43  Gateway  
  16  0:52  Probe (Chrono Boost)  
  17  1:10  Probe (Chrono Boost)  
  18  1:20  Probe (Chrono Boost)  
  19  1:33  Cybernetics Core  
  19  1:39  Nexus  
  19  1:48  Pylon  
  19  1:53  Probe (Chrono Boost)  
  20  2:04  Forge  
  20  2:05  Probe (Chrono Boost)  
  21  2:10  Warp Gate (Chrono Boost)  
  21  2:17  Mothership Core  
  23  2:25  Assimilator  
  23  2:27  Stalker  
  25  2:44  Photon Cannon  
  25  2:48  Pylon  
  25  2:54  Probe  
  26  3:02  Probe  
  26  3:05  Stargate  
  27  3:13  Probe  
  27  3:15  Assimilator  
  27  3:19  Probe  
  29  3:24  Probe  
  30  3:30  Pylon  
  30  3:35  Probe  
  31  3:45  Probe  
  31  3:47  Stargate  
  32  3:50  Pylon  
  32  3:56  Probe  
  32  3:58  Oracle (Chrono Boost)  
  36  4:08  Probe  
  37  4:18  Gateway  
  37  4:20  Probe, Gateway  
  37  4:23  Adept  
  40  4:33  Gateway, Probe  
  40  4:35  Pylon  
  41  4:45  Probe  
  42  4:52  Stalker  
  44  4:57  Probe  
  45  5:00  Photon Cannon  
  45  5:03  Photon Cannon  
  45  5:09  Pylon, Probe  
  43  5:16  Void Ray (Chrono Boost)  
  43  5:21  Probe  
  46  5:29  Void Ray (Chrono Boost)  
  46  5:35  Stalker  
  48  5:36  Stalker  
  50  6:00  Void Ray (Chrono Boost)  
  50  6:02  Pylon  
  54  6:10  Void Ray (Chrono Boost)  
  58  6:15  Pylon, Probe  
  59  6:19  Assimilator  
  59  6:21  Protoss Air Weapons Level 1 (Chrono Boost)  
  59  6:23  Probe  
  60  6:27  Probe  
  61  6:35  Probe  
  61  6:38  Photon Cannon  
  61  6:39  Probe  
  67  6:47  Void Ray (Chrono Boost)  
  67  6:51  Void Ray (Chrono Boost)  
  71  6:56  Probe  
  72  7:09  Probe  
  72  7:10  Fleet Beacon  
  73  7:24  Void Ray  
  73  7:27  Void Ray  
  77  7:33  Pylon  
  81  7:39  Cybernetics Core  
  60  8:08  Stalker x4  
  60  8:23  Void Ray  
  54  8:28  Void Ray  
  62  8:41  Stargate  
  58  8:48  Protoss Air Armor Level 1 (Chrono Boost)  
  56  9:12  Nexus  
  56  9:16  Tempest  
  56  9:21  Tempest  
  56  10:01  Void Ray  
  52  10:07  Void Ray x2  
  52  10:11  Zealot x4  
  68  10:23  Protoss Air Weapons Level 2 (Chrono Boost)  
  66  10:36  Pylon  
  41  11:15  Stalker  
  41  11:16  Stalker x2  
  38  11:19  Probe  
  38  11:25  Stargate  
  39  11:28  Stargate  
  39  11:32  Pylon  
  39  11:33  Nexus  
  39  11:35  Photon Cannon  
  30  12:11  Void Ray  
  30  12:12  Void Ray  
  30  12:13  Stalker x2  
  42  12:20  Assimilator  
  40  12:25  Assimilator  
  40  12:32  Zealot x2  
  44  12:48  Probe  
  44  12:50  Probe  
  46  12:58  Tempest (Chrono Boost)  
  50  13:20  Pylon  
  50  13:24  Pylon  
  50  13:25  Probe  
  50  13:26  Probe  
  52  13:33  Tempest (Chrono Boost)  
  55  13:52  Void Ray (Chrono Boost)  
  59  14:14  Void Ray (Chrono Boost)  
Show
View Real Time Build Order
Export as new Build Order

BLINKanDEATH Protoss 

Build Orders: Double Forge, Blink Stalkers 

Get SALT Encoding   

  12  0:01  Probe (Chrono Boost)  
  13  0:12  Probe (Chrono Boost)  
  14  0:21  Pylon  
  14  0:22  Probe (Chrono Boost)  
  15  0:39  Probe (Chrono Boost)  
  15  0:42  Gateway  
  16  0:50  Probe (Chrono Boost)  
  16  0:51  Assimilator  
  17  1:00  Probe (Chrono Boost)  
  19  1:11  Probe (Chrono Boost)  
  19  1:15  Pylon  
  19  1:20  Assimilator  
  19  1:22  Probe (Chrono Boost)  
  20  1:32  Probe (Chrono Boost)  
  21  1:35  Cybernetics Core  
  21  1:43  Probe (Chrono Boost)  
  22  1:53  Probe (Chrono Boost)  
  23  1:56  Gateway  
  23  1:57  Gateway  
  23  2:04  Probe (Chrono Boost)  
  24  2:12  Warp Gate (Chrono Boost)  
  24  2:15  Mothership Core (Chrono Boost)  
  26  2:24  Pylon  
  26  2:25  Pylon  
  26  2:30  Pylon  
  26  2:45  Stalker x2  
  30  2:51  Stalker  
  32  3:15  Twilight Council  
  32  3:22  Forge  
  32  3:24  Forge  
  32  3:36  Pylon  
  32  3:38  Pylon  
  32  3:39  Pylon  
  32  3:53  Blink (Chrono Boost)  
  32  3:56  Protoss Ground Weapons Level 1 (Chrono Boost)  
  32  4:04  Protoss Ground Armor Level 1 (Chrono Boost)  
  32  4:13  Photon Cannon  
  32  4:20  Probe  
  33  4:32  Probe  
  33  4:35  Stalker  
  33  4:36  Stalker  
  34  5:37  Stalker  
  34  5:38  Stalker x2, Nexus  
  40  5:50  Protoss Ground Weapons Level 2 (Chrono Boost)  
  40  5:58  Gateway  
  40  6:04  Pylon x2  
  40  6:06  Pylon  
  40  6:18  Probe  
  41  6:30  Probe  
  42  6:41  Protoss Ground Armor Level 2 (Chrono Boost)  
  42  6:42  Probe  
  43  6:52  Stalker x3  
  49  6:54  Probe  
  50  7:06  Probe  
  50  7:07  Probe  
  52  7:17  Probe  
  52  7:18  Probe  
  54  7:28  Stalker x2  
  54  7:29  Stalker x2  
  61  7:52  Stalker x2  
  61  7:53  Stalker x2  
  43  8:40  Stalker x4  
  51  9:20  Stalker x2  
  51  9:21  Stalker x2  
  57  9:54  Stalker x2  
  57  9:55  Stalker x2  
  65  10:16  Nexus  
  65  10:20  Protoss Ground Weapons Level 3 (Chrono Boost)  
  65  10:25  Gateway  
  65  10:26  Gateway x2  
  65  10:27  Gateway x2  
  65  10:28  Gateway  
  45  11:25  Stalker x4  
  51  11:36  Assimilator  
  51  11:40  Assimilator  
  51  11:47  Stalker x3  
  51  11:48  Stalker x5  
  61  12:14  Probe x2  
  61  12:15  Probe  
  64  12:24  Probe x2  
  64  12:27  Probe  
  67  12:35  Probe x2  
  69  12:39  Probe  
  70  12:51  Probe  
  71  13:14  Probe  
  71  13:15  Probe  
  73  13:20  Stalker  
  73  13:21  Stalker x5  
  73  13:25  Probe  
  86  13:27  Probe  
  87  13:48  Pylon  
  87  14:00  Stalker  
  87  14:01  Stalker x3  
  91  14:37  Assimilator  
  91  14:41  Assimilator  
  61  15:05  Stalker x5  
  49  15:07  Zealot x3  
  49  15:08  Zealot  
Show
View Real Time Build Order
Export as new Build Order

Nederlof Terran 

Build Orders: 1/1/1, Liberator Opening, MMM Bio 

Get SALT Encoding   

  12  0:03  SCV  
  13  0:15  SCV  
  13  0:19  Supply Depot  
  14  0:27  SCV  
  15  0:40  SCV  
  16  0:42  Barracks  
  16  0:48  Refinery  
  16  0:52  Refinery  
  16  0:54  SCV  
  17  1:10  SCV  
  18  1:20  Supply Depot  
  18  1:23  SCV  
  19  1:32  Marine  
  20  1:35  Orbital Command  
  20  1:42  Factory  
  20  1:58  Marine  
  21  2:01  SCV  
  21  2:03  Supply Depot  
  22  2:16  Marine  
  22  2:19  SCV  
  24  2:23  Engineering Bay  
  24  2:29  Starport  
  24  2:31  Factory Reactor  
  24  2:34  Marine  
  25  2:38  SCV  
  26  2:53  Missile Turret  
  26  3:00  Liberator x2  
  32  3:22  Widow Mine  
  34  3:32  SCV  
  35  3:38  Command Center  
  35  3:49  SCV  
  35  3:54  Missile Turret  
  36  3:59  Factory Reactor, Marine  
  37  4:04  Terran Infantry Weapons Level 1  
  37  4:09  Engineering Bay  
  37  4:17  Medivac, Barracks  
  39  4:35  Supply Depot  
  39  4:37  Barracks Tech Lab  
  39  4:49  SCV  
  37  5:25  Orbital Command  
  37  5:26  Barracks Tech Lab  
  34  5:30  Widow Mine x2, Stimpack  
  34  5:31  Barracks  
  34  5:33  Medivac x2  
  42  5:41  Barracks x2  
  42  5:42  Terran Infantry Armor Level 1  
  42  5:45  Concussive Shells  
  42  5:48  Supply Depot  
  42  5:55  Marauder  
  44  5:59  Marauder  
  46  6:06  Orbital Command  
  46  6:17  Medivac  
  48  6:25  Marine  
  48  6:26  Marauder  
  48  6:29  Marauder  
  48  6:30  Marine x2  
  55  6:40  SCV  
  55  6:42  Armory  
  56  6:51  Marauder, Marine x3  
  56  6:52  Marine  
  56  6:53  SCV  
  63  7:07  Combat Shields  
  63  7:09  Marine x3  
  63  7:10  Marine  
  63  7:12  Marine  
  66  7:26  Marine  
  66  7:27  Marine  
  68  7:48  Command Center  
  55  8:28  Marine x2  
  55  8:29  Marine x2  
  55  8:30  Marine  
  53  8:46  Marine  
  53  8:48  Marine  
  55  8:51  Terran Infantry Weapons Level 2  
  55  8:52  Terran Infantry Armor Level 2  
  55  8:59  Marine  
  55  9:00  Marauder x2  
  60  9:04  Marine  
  60  9:06  Marine  
  61  9:17  Marine  
  62  9:27  Marauder x2, Marine x2  
  68  9:35  Marine  
  67  9:45  Marine x2  
  61  10:13  Marauder, Marine x3  
  66  10:31  Marine x2  
  66  10:35  Marauder  
  66  10:59  Marauder x2  
  70  11:04  Marine x2  
  70  11:05  Marine  
  47  11:35  Marauder x2  
  48  12:13  Marine x5  
  36  12:19  Planetary Fortress  
  36  12:30  Medivac  
  36  12:32  Marine  
  36  12:33  Marine  
  36  12:34  Marine x3  
  36  12:36  Medivac, Widow Mine  
  36  12:37  Widow Mine  
  49  12:45  Missile Turret  
  49  12:50  Marine  
  50  12:54  Barracks Tech Lab x2  
  50  12:57  Marauder x2  
  52  13:21  Marauder x2, Marine x3  
  59  13:30  Missile Turret  
  59  13:32  Missile Turret  
  59  13:39  Marine  
  60  13:43  Marauder x3  
  55  14:39  Marauder x3, Marine  
  55  14:40  Marauder  
  64  14:57  Marine  
Show
View Real Time Build Order
Export as new Build Order

Mooney Protoss 

Build Orders:  

Get SALT Encoding   

  12  0:03  Probe (Chrono Boost)  
  13  0:13  Probe (Chrono Boost)  
  14  0:22  Pylon  
  14  0:27  Assimilator  
  14  0:45  Gateway  
  14  0:48  Assimilator  
  14  0:49  Probe (Chrono Boost)  
  15  1:00  Probe (Chrono Boost)  
  16  1:10  Probe (Chrono Boost)  
  17  1:21  Probe (Chrono Boost)  
  18  1:32  Probe (Chrono Boost)  
  19  1:42  Probe (Chrono Boost)  
  19  1:44  Cybernetics Core  
  20  1:53  Probe (Chrono Boost)  
  21  1:58  Pylon  
  21  2:02  Zealot  
  23  2:09  Pylon  
  23  2:17  Probe (Chrono Boost)  
  24  2:31  Forge  
  24  2:40  Stargate  
  24  2:43  Stargate  
  24  2:53  Mothership Core (Chrono Boost)  
  26  2:58  Pylon  
  26  3:15  Photon Cannon  
  26  3:23  Void Ray  
  30  3:31  Void Ray  
  34  3:39  Protoss Air Weapons Level 1 (Chrono Boost)  
  34  3:46  Probe  
  35  3:55  Pylon  
  35  4:14  Nexus  
  35  4:32  Void Ray  
  39  5:17  Void Ray x2  
  47  5:24  Pylon  
  47  5:26  Pylon, Probe  
  48  5:37  Probe  
  49  5:47  Probe  
  50  5:54  Assimilator  
  50  5:58  Probe x2  
  50  5:59  Assimilator  
  52  6:09  Probe  
  52  6:10  Probe  
  52  6:11  Protoss Air Armor Level 1 (Chrono Boost)  
  54  6:16  Void Ray  
  58  6:19  Probe  
  58  6:22  Probe  
  60  6:27  Void Ray  
  64  6:58  Probe  
  65  7:04  Probe  
  66  7:09  Probe  
  67  7:16  Probe  
  67  7:20  Probe  
  69  7:25  Void Ray x2  
  77  7:30  Stargate  
  77  7:43  Probe  
  78  7:54  Probe  
  67  8:04  Probe  
  55  8:07  Void Ray  
  60  8:15  Probe  
  61  8:28  Void Ray x2  
  69  9:08  Void Ray  
  73  9:17  Assimilator  
  73  9:18  Nexus  
  73  9:21  Assimilator  
  71  9:42  Void Ray x2  
  57  10:11  Probe  
  58  10:23  Probe  
  59  10:35  Probe  
  60  10:37  Pylon  
  60  10:39  Pylon  
  60  10:42  Pylon  
  60  10:45  Pylon  
  60  10:47  Pylon, Probe  
  61  10:59  Probe  
  50  11:20  Void Ray x2  
  50  11:21  Void Ray  
  62  12:03  Void Ray x3  
  74  12:46  Void Ray x3  
  74  13:29  Void Ray x3  
  74  13:30  Stargate  
  86  14:36  Nexus  
Tags
 
Add a new tag
Caveats
  • Supply blocks, unpowered buildings, or Contaminate may cause inaccurate times.
  • Supply counts are checked every 10 seconds.